| TOP OF THE 1ST |
|
San Jose Giants batting - Pitching for Mobile BayBears : LHP Jesus Gallegos
|
|
Pitching: LHP Jesus Gallegos
|
|
|
Batting: RHB Edwin Verdugo
|
0-0: Ball 1-0: Ball 2-0: Called Strike 2-1: Ball 3-1: Called Strike 3-2: SINGLE (Line Drive, 56D, EV 98.1 MPH)
|
|
Batting: RHB Troy Trice
|
0-0: Ball 1-0: Ball 2-0: Foul Ball, location: 2F 2-1: Ball 3-1: Base on Balls Edwin Verdugo to second
|
|
Batting: RHB Zach Maguire
|
0-0: Called Strike 0-1: Ball 1-1: DOUBLE (Line Drive, 89XD, EV 106.9 MPH) Edwin Verdugo scores Troy Trice to third
|
|
Batting: LHB Steve Nevis
|
0-0: Foul Ball, location: 2F 0-1: Ball 1-1: Ball 2-1: Ball 3-1: SINGLE (Line Drive, 9S, EV 93.1 MPH) Troy Trice scores Zach Maguire to third Runner from 3rd tries for Home, throw by RF and OUT! 9-2
|
|
Batting: RHB Coen Dirks
|
0-0: Ball 1-0: Swinging Strike 1-1: Fielders Choice at 2nd, 5-4 (Groundball, 5L, EV 99.4 MPH)
|
|
Batting: LHB Mike Roberts
|
0-0: Fielders Choice at 2nd, 6-4 (Groundball, 6, EV 91.2 MPH)
|
| Top of the 1st over - 2 runs, 3 hits, 0 errors, 1 left on base; San Jose 2 - Mobile 0 |
| BOTTOM OF THE 1ST |
|
Mobile BayBears batting - Pitching for San Jose Giants : LHP Randy Monaco
|
|
Pitching: LHP Randy Monaco
|
|
|
Batting: RHB Franklin Villanueva
|
0-0: Swinging Strike 0-1: Foul Ball, location: 2F 0-2: Ground out 5-3 (Groundball, 56, EV 77.5 MPH)
|
|
Batting: LHB Soo-yeon Kym
|
0-0: Foul Ball, location: 2F 0-1: Ball 1-1: Ball 2-1: Ball 3-1: Foul Ball, location: 2F 3-2: Fly out, F7 (Flyball, 7S, EV 78.1 MPH)
|
|
Batting: RHB Josh Burrows
|
0-0: Ground out 4-3 (Groundball, 4M, EV 88.1 MPH)
|
| Bottom of the 1st over - 0 runs, 0 hits, 0 errors, 0 left on base; San Jose 2 - Mobile 0 |
| TOP OF THE 2ND |
|
San Jose Giants batting - Pitching for Mobile BayBears : LHP Jesus Gallegos
|
|
Batting: RHB Gary Sampson
|
0-0: Ball 1-0: Foul Ball, location: 2F 1-1: Foul Ball, location: 2F 1-2: Ball 2-2: Ball 3-2: Foul Ball, location: 2F 3-2: Foul Ball, location: 2F 3-2: Base on Balls
|
|
Batting: LHB Gil Caraveo
|
0-0: Called Strike 0-1: SINGLE (Line Drive, 9LM, EV 105.0 MPH) Gary Sampson to second
|
|
Batting: RHB Ruben Irizarry
|
0-0: Foul Ball, location: 2F 0-1: Ball 1-1: Ball 2-1: Ball 3-1: Called Strike 3-2: Grounds into double play, 6-4-3 (Groundball, 6, EV 85.0 MPH) Gary Sampson to third
|
|
Batting: RHB Edwin Verdugo
|
0-0: DOUBLE (Line Drive, 3D, EV 98.1 MPH) Gary Sampson scores
|
|
Batting: RHB Troy Trice
|
0-0: Ground out 6-3 (Groundball, 6, EV 96.9 MPH)
|
| Top of the 2nd over - 1 run, 2 hits, 0 errors, 1 left on base; San Jose 3 - Mobile 0 |
| BOTTOM OF THE 2ND |
|
Mobile BayBears batting - Pitching for San Jose Giants : LHP Randy Monaco
|
|
Batting: RHB Blake Beale
|
0-0: Ground out 5-3 (Groundball, 56S, EV 64.4 MPH)
|
|
Batting: LHB Koson Hirai
|
0-0: Called Strike 0-1: Ground out U3 (Groundball, 3, EV 86.2 MPH)
|
|
Batting: RHB Chris Bittner
|
0-0: Ball 1-0: Foul Ball, location: 2F 1-1: Swinging Strike 1-2: SOLO HOME RUN (Flyball, 9LD, EV 94.4 MPH), Distance : 328 ft
|
|
Batting: RHB Will Washburn
|
0-0: Ground out 4-3 (Groundball, 4, EV 84.4 MPH)
|
| Bottom of the 2nd over - 1 run, 1 hit, 0 errors, 0 left on base; San Jose 3 - Mobile 1 |
| TOP OF THE 3RD |
|
San Jose Giants batting - Pitching for Mobile BayBears : LHP Jesus Gallegos
|
|
Batting: RHB Zach Maguire
|
0-0: Swinging Strike 0-1: Ball 1-1: Ball 2-1: Called Strike 2-2: Ball 3-2: Base on Balls
|
|
Batting: LHB Steve Nevis
|
0-0: Ball 1-0: Ball 2-0: Ball 3-0: Base on Balls Zach Maguire to second
|
|
Batting: RHB Coen Dirks
|
0-0: Ball 1-0: Fielders Choice at 2nd, 4-6 (Groundball, 4, EV 81.9 MPH) Zach Maguire to third
|
|
Batting: LHB Mike Roberts
|
0-0: Called Strike 0-1: Ball 1-1: SINGLE (Line Drive, 5D, EV 101.2 MPH) Zach Maguire scores Coen Dirks to second
|
|
Batting: RHB Gary Sampson
|
0-0: Called Strike 0-1: Ball 1-1: Called Strike 1-2: Grounds into double play, 6-4-3 (Groundball, 6S, EV 79.4 MPH)
|
| Top of the 3rd over - 1 run, 1 hit, 0 errors, 1 left on base; San Jose 4 - Mobile 1 |
| BOTTOM OF THE 3RD |
|
Mobile BayBears batting - Pitching for San Jose Giants : LHP Randy Monaco
|
|
Batting: RHB Curt Barrett
|
0-0: Foul Ball, location: 2F 0-1: Called Strike 0-2: Foul Ball, location: 2F 0-2: Ground out 6-3 (Groundball, 6M, EV 96.9 MPH)
|
|
Batting: RHB Jeremy Adams
|
0-0: Foul Ball, location: 2F 0-1: Foul Ball, location: 2F 0-2: Foul Ball, location: 2F 0-2: SOLO HOME RUN (Flyball, 7D, EV 98.8 MPH), Distance : 378 ft
|
|
Batting: RHB Franklin Villanueva
|
0-0: Ball 1-0: Ball 2-0: Ball 3-0: Called Strike 3-1: Base on Balls
|
|
Batting: LHB Soo-yeon Kym
|
0-0: Ball 1-0: Called Strike 1-1: Foul Ball, location: 2F 1-2: Foul Ball, location: 2F 1-2: Ball 2-2: Ball 3-2: Foul Ball, location: 2F 3-2: SINGLE (Groundball, 34D, EV 96.9 MPH) Franklin Villanueva to second Franklin Villanueva to third
|
|
Batting: RHB Josh Burrows
|
0-0: Ball 1-0: Called Strike 1-1: Swinging Strike 1-2: Ball 2-2: Ball 3-2: Foul Ball, location: 2F 3-2: Base on Balls Soo-yeon Kym to second
|
|
Batting: RHB Blake Beale
|
0-0: Called Strike 0-1: Ball 1-1: Foul Ball, location: 2F 1-2: Ball 2-2: Strikes out swinging
|
|
Batting: LHB Koson Hirai
|
0-0: Ball Wild Pitch! Franklin Villanueva scores Soo-yeon Kym to third Josh Burrows to second 1-0: Swinging Strike 1-1: Foul Ball, location: 2F 1-2: Ball 2-2: Fly out, F6 (Popup, 6, EV 53.8 MPH)
|
| Bottom of the 3rd over - 2 runs, 2 hits, 0 errors, 2 left on base; San Jose 4 - Mobile 3 |
| TOP OF THE 4TH |
|
San Jose Giants batting - Pitching for Mobile BayBears : LHP Jesus Gallegos
|
|
Batting: LHB Gil Caraveo
|
0-0: Foul Ball, location: 2F 0-1: Ball 1-1: Ball 2-1: Bunt missed! 2-2: Strikes out looking
|
|
Batting: RHB Ruben Irizarry
|
0-0: Ball 1-0: Foul Ball, location: 2F 1-1: DOUBLE (Flyball, 8LXD, EV 110.6 MPH)
|
|
Batting: RHB Edwin Verdugo
|
0-0: Ball 1-0: Foul Ball, location: 2F 1-1: Foul Ball, location: 2F 1-2: Ball 2-2: Foul Ball, location: 2F 2-2: DOUBLE (Line Drive, 89M, EV 101.9 MPH) Ruben Irizarry scores
|
|
Pitching: RHP Tadatoki Yoshida
|
|
|
Batting: RHB Troy Trice
|
0-0: Ball 1-0: Called Strike 1-1: Ground out 3-1 (Groundball, 34, EV 91.2 MPH) Edwin Verdugo to third
|
|
Batting: RHB Zach Maguire
|
0-0: Ball 1-0: Ball 2-0: Foul Ball, location: 2F 2-1: Swinging Strike 2-2: Strikes out looking
|
| Top of the 4th over - 1 run, 2 hits, 0 errors, 1 left on base; San Jose 5 - Mobile 3 |
| BOTTOM OF THE 4TH |
|
Mobile BayBears batting - Pitching for San Jose Giants : LHP Randy Monaco
|
|
Batting: RHB Chris Bittner
|
0-0: Ball 1-0: Foul Ball, location: 2F 1-1: Called Strike 1-2: Ball 2-2: SOLO HOME RUN (Flyball, 7LD, EV 93.1 MPH), Distance : 350 ft
|
|
Batting: RHB Will Washburn
|
0-0: Swinging Strike 0-1: Ground out 6-3 (Groundball, 6MS, EV 66.9 MPH)
|
|
Batting: RHB Curt Barrett
|
0-0: Ball 1-0: Foul Ball, location: 2F 1-1: Ball 2-1: SINGLE (Line Drive, 34D, EV 93.8 MPH)
|
|
Batting: RHB Jeremy Adams
|
0-0: Called Strike 0-1: Ball 1-1: Ball 2-1: Swinging Strike 2-2: Strikes out swinging
|
|
Batting: RHB Franklin Villanueva
|
0-0: Called Strike 0-1: Swinging Strike 0-2: SINGLE (Groundball, 56D, EV 96.2 MPH) Curt Barrett to second
|
|
Batting: LHB Soo-yeon Kym
|
0-0: SINGLE (Groundball, 56D, EV 94.4 MPH) Curt Barrett to third Franklin Villanueva to second Runner from 3rd tries for Home, SAFE, throw by LF to home
|
|
Pitching: RHP Peter Ellis
|
|
|
Batting: RHB Josh Burrows
|
0-0: Ball 1-0: Swinging Strike 1-1: Ball 2-1: Ball Wild Pitch! Franklin Villanueva to third Soo-yeon Kym to second 3-1: Called Strike 3-2: DOUBLE (Flyball, 8RXD, EV 91.2 MPH) Franklin Villanueva scores Soo-yeon Kym scores
|
|
Batting: RHB Blake Beale
|
0-0: Ball 1-0: Ball 2-0: Ball 3-0: Called Strike 3-1: Base on Balls
|
|
Batting: LHB Koson Hirai
|
0-0: Ball 1-0: Ball 2-0: Ball 3-0: Base on Balls Josh Burrows to third Blake Beale to second
|
|
Batting: RHB Chris Bittner
|
0-0: Called Strike 0-1: SINGLE (Groundball, 56D, EV 98.8 MPH) Josh Burrows scores Blake Beale to third Koson Hirai to second Runner from 3rd tries for Home, throw by LF and OUT! 7-2
|
| Bottom of the 4th over - 5 runs, 6 hits, 0 errors, 2 left on base; San Jose 5 - Mobile 8 |
| TOP OF THE 5TH |
|
San Jose Giants batting - Pitching for Mobile BayBears : RHP Tadatoki Yoshida
|
|
Batting: LHB Steve Nevis
|
0-0: Ball 1-0: Ball 2-0: DOUBLE (Groundball, 3L, EV 105.0 MPH)
|
|
Batting: RHB Coen Dirks
|
0-0: Fly out, F7 (Flyball, 78S, EV 95.0 MPH)
|
|
Batting: LHB Mike Roberts
|
0-0: Ball 1-0: Fly out, F9 (Line Drive, 9D, EV 88.8 MPH)
|
|
Batting: RHB Gary Sampson
|
0-0: Called Strike 0-1: Ball 1-1: Ball 2-1: Ground out 6-3 (Groundball, 6, EV 88.1 MPH)
|
| Top of the 5th over - 0 runs, 1 hit, 0 errors, 1 left on base; San Jose 5 - Mobile 8 |
| BOTTOM OF THE 5TH |
|
Mobile BayBears batting - Pitching for San Jose Giants : RHP Peter Ellis
|
|
Batting: RHB Will Washburn
|
0-0: Foul Ball, location: 2F 0-1: Swinging Strike 0-2: Ball 1-2: Strikes out looking
|
|
Batting: RHB Curt Barrett
|
0-0: Swinging Strike 0-1: Called Strike 0-2: Foul Ball, location: 2F 0-2: Fly out, F9 (Flyball, 9S, EV 95.0 MPH)
|
|
Batting: RHB Jeremy Adams
|
0-0: Foul Ball, location: 2F 0-1: Ball 1-1: Called Strike 1-2: Foul Ball, location: 2F 1-2: Strikes out looking
|
| Bottom of the 5th over - 0 runs, 0 hits, 0 errors, 0 left on base; San Jose 5 - Mobile 8 |
| TOP OF THE 6TH |
|
San Jose Giants batting - Pitching for Mobile BayBears : RHP Tadatoki Yoshida
|
|
Batting: LHB Gil Caraveo
|
0-0: Ball 1-0: Swinging Strike 1-1: Ball 2-1: Foul Ball, location: 2F 2-2: Strikes out looking
|
|
Batting: RHB Ruben Irizarry
|
0-0: Ball 1-0: Ball 2-0: SINGLE (Groundball, 56D, EV 96.9 MPH)
|
|
Batting: RHB Edwin Verdugo
|
0-0: Called Strike 0-1: Foul Ball, location: 2F 0-2: Ball 1-2: Ball 2-2: Ball 3-2: Fly out, F8 (Flyball, 89M, EV 81.2 MPH)
|
|
Batting: RHB Troy Trice
|
0-0: Called Strike 0-1: Fielders Choice at 2nd, 5-4 (Groundball, 56, EV 103.1 MPH)
|
| Top of the 6th over - 0 runs, 1 hit, 0 errors, 1 left on base; San Jose 5 - Mobile 8 |
| BOTTOM OF THE 6TH |
|
Mobile BayBears batting - Pitching for San Jose Giants : RHP Peter Ellis
|
|
Pitching: RHP Kyle Rindels
|
|
|
Batting: RHB Franklin Villanueva
|
0-0: Ball 1-0: Called Strike 1-1: Ball 2-1: Ball 3-1: Called Strike 3-2: Fly out, F6 (Line Drive, 6, EV 71.9 MPH)
|
|
Batting: LHB Soo-yeon Kym
|
0-0: Ball 1-0: Ball 2-0: Ball 3-0: Base on Balls
|
|
Batting: RHB Josh Burrows
|
0-0: Foul Ball, location: 2F 0-1: Hit by Pitch Soo-yeon Kym to second
|
|
Pinch Runner at 1st Ed Vargas:
|
|
|
Batting: RHB Blake Beale
|
0-0: Called Strike 0-1: Swinging Strike 0-2: Ball 1-2: Strikes out swinging
|
|
Batting: LHB Koson Hirai
|
0-0: Swinging Strike 0-1: Foul Ball, location: 2F 0-2: Ball 1-2: Ball 2-2: Ball 3-2: SINGLE (Groundball, 56D, EV 95.0 MPH) Soo-yeon Kym to third Ed Vargas to second Soo-yeon Kym scores Ed Vargas to third
|
|
Batting: RHB Chris Bittner
|
0-0: Ball 1-0: Swinging Strike 1-1: Ball 2-1: Foul Ball, location: 2F 2-2: Fielders Choice at 2nd, 5-4 (Groundball, 56, EV 95.0 MPH)
|
| Bottom of the 6th over - 1 run, 1 hit, 0 errors, 2 left on base; San Jose 5 - Mobile 9 |
| TOP OF THE 7TH |
|
San Jose Giants batting - Pitching for Mobile BayBears : RHP Tadatoki Yoshida
|
|
Pitching: LHP Jon Davis
|
|
|
Now at 1B: Jeremy Adams
|
|
|
Now at SS: Ed Vargas
|
|
|
Batting: RHB Zach Maguire
|
0-0: Ball 1-0: Fly out, F9 (Flyball, 9, EV 82.5 MPH)
|
|
Batting: LHB Steve Nevis
|
0-0: Ball 1-0: Called Strike 1-1: Fly out, F9 (Flyball, 89M, EV 94.4 MPH)
|
|
Batting: RHB Coen Dirks
|
0-0: Foul Ball, location: 2F 0-1: Ball 1-1: Ball 2-1: Foul Ball, location: 2F 2-2: Strikes out swinging
|
| Top of the 7th over - 0 runs, 0 hits, 0 errors, 0 left on base; San Jose 5 - Mobile 9 |
| BOTTOM OF THE 7TH |
|
Mobile BayBears batting - Pitching for San Jose Giants : RHP Kyle Rindels
|
|
Pitching: RHP Harry Dickson
|
|
|
Batting: RHB Will Washburn
|
0-0: SOLO HOME RUN (Flyball, 89XD, EV 105.6 MPH), Distance : 403 ft
|
|
Batting: RHB Curt Barrett
|
0-0: Ball 1-0: Called Strike 1-1: Foul Ball, location: 2F 1-2: Ball 2-2: Strikes out swinging
|
|
Batting: RHB Jeremy Adams
|
0-0: Ball 1-0: Ball 2-0: Called Strike 2-1: Fly out, F8 (Flyball, 89D, EV 88.8 MPH)
|
|
Batting: RHB Franklin Villanueva
|
0-0: Ball 1-0: Ball 2-0: Called Strike 2-1: Fly out, F6 (Popup, 6, EV 70.6 MPH)
|
| Bottom of the 7th over - 1 run, 1 hit, 0 errors, 0 left on base; San Jose 5 - Mobile 10 |
| TOP OF THE 8TH |
|
San Jose Giants batting - Pitching for Mobile BayBears : LHP Jon Davis
|
|
Batting: LHB Mike Roberts
|
0-0: Ball 1-0: Called Strike 1-1: Fly out, F5 (Popup, 56S, EV 71.9 MPH)
|
|
Batting: RHB Gary Sampson
|
0-0: Ball 1-0: Ground out U3 (Groundball, 34, EV 80.0 MPH)
|
|
Batting: LHB Gil Caraveo
|
0-0: Called Strike 0-1: Swinging Strike 0-2: Ball 1-2: Foul Ball, location: 2F 1-2: Ball 2-2: Strikes out swinging
|
| Top of the 8th over - 0 runs, 0 hits, 0 errors, 0 left on base; San Jose 5 - Mobile 10 |
| BOTTOM OF THE 8TH |
|
Mobile BayBears batting - Pitching for San Jose Giants : RHP Harry Dickson
|
|
Batting: LHB Soo-yeon Kym
|
0-0: Ball 1-0: Ball 2-0: Ball 3-0: Base on Balls
|
|
Batting: SHB Ed Vargas
|
0-0: Ball 1-0: Ball 2-0: Ball 3-0: Base on Balls Soo-yeon Kym to second
|
|
Batting: RHB Blake Beale
|
0-0: Called Strike 0-1: Fly out, F8 (Flyball, 8LXD, EV 96.9 MPH) Runner from 2nd tags up, SAFE at 3rd, no throw by CF
|
|
Batting: LHB Koson Hirai
|
0-0: Ball 1-0: Ball 2-0: Grounds into double play, 4-6-3 (Groundball, 4M, EV 99.4 MPH)
|
| Bottom of the 8th over - 0 runs, 0 hits, 0 errors, 1 left on base; San Jose 5 - Mobile 10 |
| TOP OF THE 9TH |
|
San Jose Giants batting - Pitching for Mobile BayBears : LHP Jon Davis
|
|
Batting: RHB Ruben Irizarry
|
0-0: Fly out, F9 (Flyball, 9, EV 92.5 MPH)
|
|
Batting: RHB Edwin Verdugo
|
0-0: Ball 1-0: Swinging Strike 1-1: Swinging Strike 1-2: Strikes out looking
|
|
Batting: RHB Troy Trice
|
0-0: Swinging Strike 0-1: Swinging Strike 0-2: Ball 1-2: Ball 2-2: Foul Ball, location: 2F 2-2: Strikes out swinging
|
| Top of the 9th over - 0 runs, 0 hits, 0 errors, 0 left on base; San Jose 5 - Mobile 10 |
|